Unix NetHack Version 3.7.0-61 Work-in-progress - last build Jul 22 2022 11:16:53 (76b68a5543021f85d9193291e0cc6e7301e83a09,branch:master). Game began 2022-07-27 19:52:52, ended 2022-07-27 19:59:41. Grasshopper, neutral female human Wizard --- . .- -.| |.|-- |.|.-- ----....--- ---)....@h..# |..^--..f...| |.<---.....-- ----|.....-- |..---- |..| |..- |.. |..- -..| +.| %.-- ---- Grasshopper the Evoker St:8 Dx:15 Co:11 In:18 Wi:11 Ch:12 Neutral S:296 Dlvl:3 $:40 HP:0(15) Pw:5(16) AC:6 Xp:2/39 T:522 Latest messages: You stop eating the dwarf corpse. There is a partly eaten dwarf corpse here; eat it? [ynq] (n) y You resume your meal. You hear crashing rock. You stop eating the dwarf corpse. The kitten eats a partly eaten dwarf corpse. The gnome shoots an arrow! The gnome misfires! You are hit by an arrow. There is nothing here to pick up. The gnome picks up 2 gray stones. The kitten misses the gnome. The kitten misses the gnome. The kitten picks up a hooded cloak. The kitten bites the gnome. The gnome swings her bow at the kitten. The gnome hits the kitten. The kitten misses the gnome. The gnome swings her bow. The gnome hits! You kill the gnome! The kitten eats a gnome corpse. You swap places with your kitten. z - 2 arrows. A - a candle. B - 2 gray stones. What do you want to call? [b-mo-swxABH or ?*] B Call a gray stone: flint You see here a pair of hard shoes. You see here a bow. C - a bow. In what direction? 8 The spell hits the gnome! You kill the gnome! You see here a pair of hard shoes. D - a pair of hard shoes. What do you want to wear? [D or ?*] D You hear crashing rock. You finish your dressing maneuver. What do you want to adjust? [a-su-zA-DH or ?*] D Adjust letter to what [tD-GI-Z] (? see used letters)? B Swapping: B - a +0 pair of hard shoes (being worn). In what direction? 6 The spell hits the dwarf! The kitten drops a hooded cloak. You miss the dwarf. The dwarf swings his broad pick. The dwarf hits! You die... Do you want your possessions identified? [ynq] (y) q Major events: Turn 1: Grasshopper the neutral female human Wizard entered the dungeon 472: entered the Gnomish Mines 522: killed by a dwarf Inventory: Weapons (')') a - a blessed +1 quarterstaff (weapon in hands) y - a cursed -1 dagger z - 2 cursed -3 arrows C - an uncursed +0 bow Armor ('[') b - an uncursed +0 cloak of magic resistance (being worn) B - an uncursed +0 pair of iron shoes (being worn) H - an uncursed +0 orcish helm (being worn) Scrolls ('?') i - an uncursed scroll of food detection j - an uncursed scroll of destroy armor k - an uncursed scroll of enchant weapon q - an uncursed scroll of remove curse r - an uncursed scroll of scare monster x - an uncursed scroll of light Spellbooks ('+') l - a blessed spellbook of force bolt m - an uncursed spellbook of extra healing Wands ('/') c - an uncursed wand of sleep (0:7) Rings ('=') d - an uncursed ring of free action e - an uncursed +3 ring of increase damage (on left hand) Potions ('!') f - an uncursed potion of object detection g - an uncursed potion of gain level h - an uncursed potion of extra healing p - an uncursed potion of levitation s - an uncursed potion of confusion Tools ('(') n - an uncursed magic marker (0:80) u - an uncursed leash v - an uncursed brass lantern A - an uncursed tallow candle Gems/Stones ('*') o - an uncursed worthless piece of yellow glass w - an uncursed aquamarine stone D - 2 uncursed touchstones Grasshopper the Wizard's attributes: Background: You were an Evoker, a level 2 female human Wizard. You were neutral, on a mission for Thoth who was opposed by Ptah (lawful) and Anhur (chaotic). You were in the Gnomish Mines, on level 3. You entered the dungeon 522 turns ago. There was a new moon in effect when your adventure ended. You had 39 experience points, 1 more was needed to attain level 3. Your score was 296 before end-of-game adjustments. Basics: You had 0 out of 15 hit points. You had 5 out of 16 energy points (spell power). Your armor class was 6. Your wallet contained 40 zorkmids. Autopickup was on for '$"=/!?+*' plus thrown, with exceptions. Final Characteristics: Your strength was 8 (limit:18/100). Your dexterity was 15 (limit:18). Your constitution was 11 (limit:18). Your intelligence was 18 (limit:18). Your wisdom was 11 (limit:18). Your charisma was 12 (limit:18). Final Status: You were not hungry. You were unencumbered. You were wielding a quarterstaff. You had basic skill with quarterstaff. Final Attributes: You were fervently aligned. You were magic-protected. You had a small damage bonus (+3). You were warded. You are dead. Miscellaneous: You never encountered a bones level. Total elapsed playing time was 6 minutes and 49 seconds. Vanquished creatures: a dwarf 2 gnomes 2 jackals a goblin 2 grid bugs a lichen a newt 10 creatures vanquished. No species were genocided or became extinct. Voluntary challenges: You were an atheist. You were illiterate. You never engraved Elbereth. You never genocided any monsters. You never polymorphed an object. You never changed form. You used no wishes. Achievement: You entered the Gnomish Mines. The Dungeons of Doom: levels 1 to 3 Level 1: A fountain. Level 2: A fountain. Stairs down to The Gnomish Mines. Level 3: The Gnomish Mines: Level 3: <- You were here. Final resting place for you, killed by a dwarf. Game over: ---------- / \ / REST \ / IN \ / PEACE \ / \ | Grasshopper | | 40 Au | | killed by a | | dwarf | | | | | | 2022 | *| * * * | * _________)/\\_//(\/(/\)/\//\/|_)_______ Goodbye Grasshopper the Wizard... You died in The Gnomish Mines on dungeon level 3 with 292 points, and 40 pieces of gold, after 522 moves. You were level 2 with a maximum of 15 hit points when you died.